IL
LEHIGH VALLEY IRONPIGS @ ALBUQUERQUE ISOTOPES
07/13/2044
 
TOP OF THE 1ST
Lehigh Valley IronPigs batting - Pitching for Albuquerque Isotopes : RHP Justin Gasper
Pitching: RHP Justin Gasper
Batting: LHB Osamu Kubo 0-0: Ball
1-0: Called Strike
1-1: Swinging Strike
1-2: Strikes out swinging
Batting: LHB Chad Persaud 0-0: Ball
1-0: Foul Ball, location: 2F
1-1: Ground out 4-3 (Groundball, 4, EV 106.3 MPH)
Batting: LHB Ryan Trombley 0-0: Ball
1-0: Swinging Strike
1-1: Swinging Strike
1-2: Ball
2-2: Foul Ball, location: 2F
2-2: Foul Ball, location: 2F
2-2: Strikes out swinging, 2-3 out at first.
Top of the 1st over - 0 runs, 0 hits, 0 errors, 0 left on base; Lehigh Valley 0 - Albuquerque 0
BOTTOM OF THE 1ST
Albuquerque Isotopes batting - Pitching for Lehigh Valley IronPigs : RHP Nick Turner
Pitching: RHP Nick Turner
Batting: LHB Tony Morales 0-0: Reached on error, E4 (Groundball, 4, EV 88.8 MPH)
Batting: SHB Pat Wilson 0-0: Called Strike
0-1: Foul Ball, location: 2F
0-2: Ball
1-2: Foul Ball, location: 2F
1-2: TRIPLE (Flyball, 8RXD, EV 88.8 MPH)
Tony Morales scores
Batting: LHB Tetsuya Oba 0-0: Foul Ball, location: 2F
0-1: Foul Ball, location: 2F
0-2: Ball
1-2: Ball
2-2: Ball
3-2: Fly out, F6 (Flyball, 6D, EV 86.9 MPH)
Batting: LHB Katsunan Akimoto 0-0: Ball
1-0: Called Strike
1-1: Ball
2-1: SINGLE (Groundball, 6MD, EV 98.1 MPH)
Pat Wilson scores
Batting: RHB Ron Johansen 0-0: Foul Ball, location: 2F
0-1: Called Strike
0-2: Ball
1-2: Strikes out looking
Batting: LHB Enrique Andrade 0-0: Ball
1-0: Swinging Strike
1-1: Ball
2-1: Ball
3-1: Swinging Strike
3-2: SINGLE (Groundball, 25, EV 66.3 MPH) (infield hit)
Katsunan Akimoto to second
Batting: RHB Ben Alspach 0-0: 3-RUN HOME RUN (Flyball, 9LD, EV 88.8 MPH), Distance : 335 ft
Batting: RHB Nate Carrell 0-0: Ball
1-0: Fly out, F8 (Flyball, 8LD, EV 106.3 MPH)
Bottom of the 1st over - 5 runs, 4 hits, 1 error, 0 left on base; Lehigh Valley 0 - Albuquerque 5
TOP OF THE 2ND
Lehigh Valley IronPigs batting - Pitching for Albuquerque Isotopes : RHP Justin Gasper
Batting: RHB Josh Hensley 0-0: Foul Ball, location: 2F
0-1: Foul Ball, location: 2F
0-2: Ball
1-2: Ball
2-2: Foul Ball, location: 2F
2-2: Ground out 4-3 (Groundball, 4, EV 79.4 MPH)
Batting: RHB Julian Nijhuis 0-0: Swinging Strike
0-1: Ball
1-1: Ball
2-1: DOUBLE (Flyball, 89XD, EV 92.5 MPH)
Batting: SHB Lance Franklin 0-0: Foul Ball, location: 2F
0-1: Called Strike
0-2: Ball
1-2: Strikes out swinging
Batting: RHB Nick Beggs 0-0: Ball
1-0: Foul Ball, location: 2F
1-1: Called Strike
1-2: Strikes out swinging
Top of the 2nd over - 0 runs, 1 hit, 0 errors, 1 left on base; Lehigh Valley 0 - Albuquerque 5
BOTTOM OF THE 2ND
Albuquerque Isotopes batting - Pitching for Lehigh Valley IronPigs : RHP Nick Turner
Batting: RHB Josh Baker 0-0: Called Strike
0-1: Ball
1-1: Ball
2-1: Ball
3-1: Called Strike
3-2: Strikes out swinging
Batting: LHB Tony Morales 0-0: Called Strike
0-1: Ball
1-1: Swinging Strike
1-2: Foul Ball, location: 2F
1-2: Strikes out swinging
Batting: SHB Pat Wilson 0-0: SINGLE (Line Drive, 6D, EV 96.9 MPH)
Batting: LHB Tetsuya Oba 0-0: Called Strike
0-1: Ball
1-1: Ball
2-1: Swinging Strike
2-2: Ball
3-2: Foul Ball, location: 2F
3-2: Ground out 4-3 (Groundball, 4, EV 107.5 MPH)
Bottom of the 2nd over - 0 runs, 1 hit, 0 errors, 1 left on base; Lehigh Valley 0 - Albuquerque 5
TOP OF THE 3RD
Lehigh Valley IronPigs batting - Pitching for Albuquerque Isotopes : RHP Justin Gasper
Batting: LHB Tyler Allen 0-0: Ball
1-0: SINGLE (Groundball, 6MD, EV 100.6 MPH)
Batting: RHB Aaron Burress 0-0: Called Strike
0-1: Ball
1-1: Foul Ball, location: 2F
1-2: Ball
2-2: Ground out 5-3 (Groundball, 56S, EV 68.1 MPH)
Tyler Allen to second
Batting: LHB Osamu Kubo 0-0: Ball
1-0: 2-RUN HOME RUN (Flyball, 9LD, EV 96.9 MPH), Distance : 345 ft
Batting: LHB Chad Persaud 0-0: Swinging Strike
0-1: Foul Ball, location: 2F
0-2: Strikes out swinging
Batting: LHB Ryan Trombley 0-0: Ball
1-0: Ball
2-0: SINGLE (Groundball, 6MD, EV 97.5 MPH)
Batting: RHB Josh Hensley 0-0: Called Strike
0-1: Ball
1-1: DOUBLE (Line Drive, 8LXD, EV 107.5 MPH)
Ryan Trombley to third
Batting: RHB Julian Nijhuis 0-0: SINGLE (Groundball, 6D, EV 107.5 MPH)
Ryan Trombley scores
Josh Hensley to third
Runner from 3rd tries for Home, SAFE, throw by CF to home
Julian Nijhuis to second
Batting: SHB Lance Franklin 0-0: Called Strike
0-1: Ball
1-1: Foul Ball, location: 2F
1-2: Ball
2-2: Foul Ball, location: 2F
2-2: Foul Ball, location: 2F
2-2: Ball
3-2: Foul Ball, location: 2F
3-2: Fly out, F8 (Flyball, 89M, EV 80.6 MPH)
Top of the 3rd over - 4 runs, 5 hits, 0 errors, 1 left on base; Lehigh Valley 4 - Albuquerque 5
BOTTOM OF THE 3RD
Albuquerque Isotopes batting - Pitching for Lehigh Valley IronPigs : RHP Nick Turner
Batting: LHB Katsunan Akimoto 0-0: Ball
1-0: Ball
2-0: Foul Ball, location: 2F
2-1: Ball
3-1: Foul Ball, location: 2F
3-2: Fly out, F9 (Line Drive, 9, EV 96.9 MPH)
Batting: RHB Ron Johansen 0-0: Ball
1-0: Ground out 1-3 (Groundball, 34S, EV 64.4 MPH)
Batting: LHB Enrique Andrade 0-0: Swinging Strike
0-1: Called Strike
0-2: Strikes out swinging
Bottom of the 3rd over - 0 runs, 0 hits, 0 errors, 0 left on base; Lehigh Valley 4 - Albuquerque 5
TOP OF THE 4TH
Lehigh Valley IronPigs batting - Pitching for Albuquerque Isotopes : RHP Justin Gasper
Batting: RHB Nick Beggs 0-0: Called Strike
0-1: Ball
1-1: Fly out, F6 (Line Drive, 6, EV 63.8 MPH)
Batting: LHB Tyler Allen 0-0: Ball
1-0: Called Strike
1-1: Ball
2-1: Called Strike
2-2: Ball
3-2: Base on Balls
Batting: RHB Aaron Burress 0-0: Ball
1-0: Ball
Tyler Allen steals 2nd, throwing error, E2
Tyler Allen to third
2-0: Ball
3-0: Called Strike
3-1: Base on Balls
Batting: LHB Osamu Kubo 0-0: Called Strike
0-1: Ball
1-1: Fly out, F7 (Line Drive, 7, EV 103.1 MPH)
Runner from 3rd tags up, SCORES, throw by LF
Pitching: LHP Vasquo Sartores
Batting: LHB Chad Persaud 0-0: Called Strike
0-1: Foul Ball, location: 2F
0-2: Strikes out looking
Top of the 4th over - 1 run, 0 hits, 1 error, 1 left on base; Lehigh Valley 5 - Albuquerque 5
BOTTOM OF THE 4TH
Albuquerque Isotopes batting - Pitching for Lehigh Valley IronPigs : RHP Nick Turner
Batting: RHB Ben Alspach 0-0: Swinging Strike
0-1: Ground out 6-3 (Groundball, 6, EV 82.5 MPH)
Batting: RHB Nate Carrell 0-0: Ball
1-0: Ground out 6-3 (Groundball, 6, EV 83.1 MPH)
Batting: RHB Josh Baker 0-0: Ball
1-0: Swinging Strike
1-1: Foul Ball, location: 2F
1-2: Ground out 5-3 (Groundball, 56, EV 103.8 MPH)
Bottom of the 4th over - 0 runs, 0 hits, 0 errors, 0 left on base; Lehigh Valley 5 - Albuquerque 5
TOP OF THE 5TH
Lehigh Valley IronPigs batting - Pitching for Albuquerque Isotopes : LHP Vasquo Sartores
Batting: LHB Ryan Trombley 0-0: Ball
1-0: Ball
2-0: Foul Ball, location: 2F
2-1: Ball
3-1: Called Strike
3-2: Foul Ball, location: 2F
3-2: Ground out U3 (Groundball, 3L, EV 111.3 MPH)
Batting: RHB Josh Hensley 0-0: Hit by Pitch
Batting: RHB Julian Nijhuis 0-0: Ball
1-0: Foul Ball, location: 2F
1-1: Ball
2-1: Ball
3-1: Swinging Strike
3-2: Base on Balls
Josh Hensley to second
Batting: SHB Lance Franklin 0-0: Ball
1-0: Ball
2-0: Swinging Strike
2-1: Foul Ball, location: 2F
2-2: Ball
3-2: SINGLE (Groundball, 56D, EV 96.3 MPH)
Josh Hensley to third
Julian Nijhuis to second
Runner from 3rd tries for Home, SAFE, throw by LF to home
Batting: RHB Nick Beggs 0-0: SINGLE (Groundball, 4M, EV 101.3 MPH)
Julian Nijhuis to third
Lance Franklin to second
Batting: LHB Tyler Allen 0-0: Ball
1-0: Ball
2-0: Ball
3-0: Called Strike
3-1: SINGLE (Groundball, 6D, EV 106.3 MPH)
Julian Nijhuis scores
Lance Franklin to third
Nick Beggs to second
Runner from 3rd tries for Home, SAFE, throw by LF to home
Pitching: RHP Calvin Hightower
Batting: RHB Aaron Burress 0-0: Called Strike
0-1: Foul Ball, location: 2F
0-2: Ball
1-2: 3-RUN HOME RUN (Flyball, 7LD, EV 94.4 MPH), Distance : 336 ft
Batting: LHB Osamu Kubo 0-0: Called Strike
0-1: Ball
1-1: Ball
2-1: DOUBLE (Groundball, 3L, EV 108.1 MPH)
Batting: LHB Chad Persaud 0-0: SINGLE (Line Drive, 9LS, EV 98.8 MPH)
Osamu Kubo to third
Batting: LHB Ryan Trombley 0-0: Ball
1-0: Foul Ball, location: 2F
1-1: Ball
2-1: Ball
3-1: Called Strike
3-2: Fly out, F8 (Flyball, 78S, EV 86.9 MPH)
Batting: RHB Josh Hensley 0-0: Called Strike
0-1: Ground out U3 (Groundball, 13, EV 95.0 MPH)
Top of the 5th over - 6 runs, 6 hits, 0 errors, 2 left on base; Lehigh Valley 11 - Albuquerque 5
BOTTOM OF THE 5TH
Albuquerque Isotopes batting - Pitching for Lehigh Valley IronPigs : RHP Nick Turner
Batting: LHB Tony Morales 0-0: Ball
1-0: Called Strike
1-1: Ball
2-1: Fly out, F9 (Flyball, 9S, EV 91.3 MPH)
Batting: SHB Pat Wilson 0-0: Swinging Strike
0-1: Fly out, F8 (Flyball, 8RD, EV 93.8 MPH)
Batting: LHB Tetsuya Oba 0-0: Ball
1-0: Ball
2-0: Ball
3-0: Called Strike
3-1: Base on Balls
Batting: LHB Katsunan Akimoto 0-0: Ball
Tetsuya Oba steals 2nd base
1-0: Foul Ball, location: 2F
1-1: SINGLE (Line Drive, 9S, EV 102.5 MPH)
Tetsuya Oba to third
Runner from 3rd tries for Home, SAFE, throw by RF to home
Katsunan Akimoto to second
Pitching: RHP Masataka Kawai
Batting: RHB Ron Johansen 0-0: Ball
1-0: Ball
2-0: SINGLE (Groundball, 6MD, EV 101.3 MPH)
Katsunan Akimoto to third
Runner from 3rd tries for Home, throw by CF and OUT! 8-2
Bottom of the 5th over - 1 run, 2 hits, 0 errors, 1 left on base; Lehigh Valley 11 - Albuquerque 6
TOP OF THE 6TH
Lehigh Valley IronPigs batting - Pitching for Albuquerque Isotopes : RHP Calvin Hightower
Batting: RHB Julian Nijhuis 0-0: Called Strike
0-1: Foul Ball, location: 2F
0-2: Ball
1-2: Fly out, F8 (Line Drive, 8RD, EV 111.9 MPH)
Batting: SHB Lance Franklin 0-0: Ground out 2-3 (Groundball, 15S, EV 66.9 MPH)
Batting: RHB Nick Beggs 0-0: Ball
1-0: Ball
2-0: Foul Ball, location: 2F
2-1: Ground out 5-3 (Groundball, 56, EV 108.1 MPH)
Top of the 6th over - 0 runs, 0 hits, 0 errors, 0 left on base; Lehigh Valley 11 - Albuquerque 6
BOTTOM OF THE 6TH
Albuquerque Isotopes batting - Pitching for Lehigh Valley IronPigs : RHP Masataka Kawai
Batting: LHB Enrique Andrade 0-0: Ground out 4-3 (Groundball, 4, EV 83.1 MPH)
Batting: RHB Ben Alspach 0-0: Ball
1-0: Ball
2-0: Ball
3-0: Called Strike
3-1: Base on Balls
Batting: RHB Nate Carrell 0-0: Called Strike
0-1: Fly out, F6 (Popup, P, EV 86.9 MPH)
Batting: RHB Josh Baker 0-0: Ball
1-0: Called Strike
1-1: Foul Ball, location: 2F
1-2: Strikes out swinging
Bottom of the 6th over - 0 runs, 0 hits, 0 errors, 1 left on base; Lehigh Valley 11 - Albuquerque 6
TOP OF THE 7TH
Lehigh Valley IronPigs batting - Pitching for Albuquerque Isotopes : RHP Calvin Hightower
Batting: LHB Tyler Allen 0-0: Ball
1-0: Called Strike
1-1: Swinging Strike
1-2: Ball
2-2: Ball
3-2: Strikes out swinging
Batting: RHB Aaron Burress 0-0: SINGLE (Groundball, 6MD, EV 99.4 MPH)
Batting: LHB Osamu Kubo 0-0: Called Strike
0-1: Ball
1-1: Ball
2-1: Ball
3-1: DOUBLE (Line Drive, 78D, EV 103.1 MPH)
Aaron Burress to third
Runner from 3rd tries for Home, SAFE, no throw by CF
Batting: LHB Chad Persaud 0-0: Ball
1-0: Ball
2-0: Called Strike
2-1: Foul Ball, location: 2F
2-2: Ball
3-2: SINGLE (Line Drive, 89S, EV 100.0 MPH)
Osamu Kubo to third
Runner from 3rd tries for Home, SAFE, throw by RF to home
Chad Persaud to second
Batting: RHB Bill Moldenhauer 0-0: Fly out, F6 (Flyball, 56D, EV 93.8 MPH)
Batting: RHB Josh Hensley 0-0: Ball
1-0: Foul Ball, location: 2F
1-1: Ball
2-1: 2-RUN HOME RUN (Flyball, 9D, EV 99.4 MPH), Distance : 407 ft
Batting: RHB Julian Nijhuis 0-0: Called Strike
0-1: Ground out 5-3 (Groundball, 56, EV 88.1 MPH)
Top of the 7th over - 4 runs, 4 hits, 0 errors, 0 left on base; Lehigh Valley 15 - Albuquerque 6
BOTTOM OF THE 7TH
Albuquerque Isotopes batting - Pitching for Lehigh Valley IronPigs : RHP Masataka Kawai
Batting: LHB Tony Morales 0-0: Ball
1-0: Ball
2-0: Called Strike
2-1: Ball
3-1: Foul Ball, location: 2F
3-2: Foul Ball, location: 2F
3-2: Base on Balls
Batting: SHB Pat Wilson 0-0: SINGLE (Groundball, 34D, EV 105.0 MPH)
Tony Morales to second
Batting: LHB Tetsuya Oba 0-0: Ball
1-0: Ball
2-0: Ball
3-0: Called Strike
3-1: Called Strike
3-2: Foul Ball, location: 2F
3-2: Base on Balls
Tony Morales to third
Pat Wilson to second
Pinch Hitting: RHB Jerry Castro 0-0: Ball
1-0: Ball
2-0: Ball
3-0: Called Strike
3-1: Base on Balls
Tony Morales scores
Pat Wilson to third
Tetsuya Oba to second
Batting: RHB Ron Johansen 0-0: Ball
1-0: Ball
2-0: Reached on error, E6 (Groundball, 6, EV 88.8 MPH)
Pat Wilson scores
Tetsuya Oba to third
Jerry Castro to second
Batting: LHB Enrique Andrade 0-0: Called Strike
0-1: Ball
1-1: SINGLE (Groundball, 4MD, EV 101.9 MPH)
Tetsuya Oba scores
Jerry Castro to third
Ron Johansen to second
Batting: RHB Ben Alspach 0-0: Ball
1-0: Called Strike
1-1: Ball
2-1: Called Strike
2-2: Foul Ball, location: 2F
2-2: Strikes out swinging
Batting: RHB Nate Carrell 0-0: Fly out, F7 (Flyball, 78M, EV 86.9 MPH)
Batting: RHB Josh Baker 0-0: Ball
1-0: Ground out 4-3 (Groundball, 4, EV 109.4 MPH)
Bottom of the 7th over - 3 runs, 2 hits, 1 error, 3 left on base; Lehigh Valley 15 - Albuquerque 9
TOP OF THE 8TH
Lehigh Valley IronPigs batting - Pitching for Albuquerque Isotopes : RHP Calvin Hightower
Pitching: LHP Jorge Segarra
Now at 3B: Jerry Castro
Batting: SHB Lance Franklin 0-0: Ball
1-0: Called Strike
1-1: Ball
2-1: Swinging Strike
2-2: Strikes out looking
Batting: RHB Nick Beggs 0-0: Fly out, F7 (Line Drive, 7, EV 100.0 MPH)
Batting: LHB Tyler Allen 0-0: Ball
1-0: Ground out 6-3 (Groundball, 6, EV 105.0 MPH)
Top of the 8th over - 0 runs, 0 hits, 0 errors, 0 left on base; Lehigh Valley 15 - Albuquerque 9
BOTTOM OF THE 8TH
Albuquerque Isotopes batting - Pitching for Lehigh Valley IronPigs : RHP Masataka Kawai
Batting: LHB Tony Morales 0-0: Called Strike
0-1: Ball
1-1: Foul Ball, location: 2F
1-2: Ball
2-2: Ball
3-2: Foul Ball, location: 2F
3-2: Base on Balls
Pitching: RHP John Capparelli
Batting: SHB Pat Wilson 0-0: Ball
1-0: Ball
2-0: Swinging Strike
2-1: Foul Ball, location: 2F
2-2: Strikes out swinging
Batting: LHB Tetsuya Oba 0-0: Foul Ball, location: 2F
0-1: Reached on error, E6 (Popup, 6MD, EV 56.3 MPH)
Tony Morales to second
Batting: RHB Jerry Castro 0-0: Called Strike
0-1: Called Strike
0-2: Ball
1-2: Foul Ball, location: 2F
1-2: Grounds into double play, 6-4-3 (Groundball, 6, EV 101.3 MPH)
Bottom of the 8th over - 0 runs, 0 hits, 1 error, 1 left on base; Lehigh Valley 15 - Albuquerque 9
TOP OF THE 9TH
Lehigh Valley IronPigs batting - Pitching for Albuquerque Isotopes : LHP Jorge Segarra
Batting: RHB Aaron Burress 0-0: Ball
1-0: Ball
2-0: Ball
3-0: Called Strike
3-1: SINGLE (Groundball, 6, EV 103.8 MPH)
Batting: LHB Osamu Kubo 0-0: SINGLE (Groundball, 6M, EV 108.8 MPH) (infield hit)
Aaron Burress to second
Batting: LHB Chad Persaud 0-0: Called Strike
0-1: Called Strike
0-2: Ball
1-2: Strikes out looking
Batting: RHB Bill Moldenhauer 0-0: Called Strike
0-1: Fly out, F8 (Flyball, 78M, EV 81.9 MPH)
Batting: RHB Josh Hensley 0-0: Called Strike
0-1: Fly out, F8 (Flyball, 8LM, EV 85.6 MPH)
Top of the 9th over - 0 runs, 2 hits, 0 errors, 2 left on base; Lehigh Valley 15 - Albuquerque 9
BOTTOM OF THE 9TH
Albuquerque Isotopes batting - Pitching for Lehigh Valley IronPigs : RHP John Capparelli
Batting: RHB Ron Johansen 0-0: Ball
1-0: DOUBLE (Line Drive, 78D, EV 111.3 MPH)
Batting: LHB Enrique Andrade 0-0: Ball
1-0: Ball
2-0: Swinging Strike
2-1: Swinging Strike
2-2: Fly out, F9 (Flyball, 9, EV 93.8 MPH)
Batting: RHB Ben Alspach 0-0: Foul Ball, location: 2F
0-1: Swinging Strike
0-2: Ball
1-2: Strikes out swinging
Batting: RHB Nate Carrell 0-0: Fly out, F8 (Line Drive, 8RM, EV 92.5 MPH)
Bottom of the 9th over - 0 runs, 1 hit, 0 errors, 1 left on base; Lehigh Valley 15 - Albuquerque 9
Thursday, March 31st , 2022 - OOTP Baseball 22.12 Build 89